 Dungeon Crawl Stone Soup version 0.29-a0-632-g781b4ac09e (webtiles) character file.

Game seed: 17303875464917571147

60168 Johnny the Bludgeoner (level 14, 0/144 HPs)
             Began as a Troll Berserker on June 19, 2022.
             Was a High Priest of Trog.
             Shot with an arrow by Nessos (7 damage)
             ... on level 4 of the Lair of Beasts.
             The game lasted 00:20:34 (16186 turns).

Johnny the Bludgeoner (Troll Berserker)            Turns: 16186, Time: 00:20:35

Health: 0/144      AC: 12    Str: 34    XL:     14   Next: 55%
Magic:  13/13      EV:  9    Int:  9    God:    Trog [*****.]
Gold:   1406       SH:  0    Dex:  9    Spells: 13/13 levels left

rFire   . . .      SeeInvis +   F - +2 dire flail (protect)
rCold   . . .      Faith    .   (shield currently unavailable)
rNeg    . . .      Spirit   .   M - +3 troll leather armour
rPois   .          Reflect  .   (helmet restricted)
rElec   .          Harm     .   A - +2 cloak {Stlth+}
rCorr   .          Rampage  .   (gloves unavailable)
Will    +....                   (boots unavailable)
Stlth   ++........              m - amulet of regeneration
HPRegen 2.74/turn               z - ring "Hetinlani" {Str+2 Int+6 SInv}
MPRegen 0.13/turn               q - +4 ring of slaying

@: lethally poisoned (0 -> -21)
A: large, unfitting armour, claws 3, regeneration 1, shaggy fur 1, tough skin 1
a: Renounce Religion, Berserk, Trog's Hand, Brothers in Arms


You were on level 4 of the Lair of Beasts.
You worshipped Trog.
Trog was extremely pleased with you.
You visited 2 branches of the dungeon, and saw 20 of its levels.
You also visited: Ice Cave and Volcano.

You collected 1814 gold pieces.
You spent 408 gold pieces at shops.

Inventory:

Hand Weapons
 a - a +0 antimagic giant spiked club
 b - a +0 antimagic giant club
 y - a +1 demon trident of flaming
 F - a +2 dire flail of protection (weapon)
Missiles
 B - 8 large rocks (quivered)
 L - a throwing net
Armour
 A - a +2 cloak of stealth (worn)
 M - a +3 troll leather armour (worn)
Jewellery
 m - an amulet of regeneration (around neck)
 q - a +4 ring of slaying (right claw)
 w - a ring of protection from fire
 z - the ring "Hetinlani" (left claw) {Str+2 Int+6 SInv}
   (You found it on level 4 of the Dungeon)

   [ring of intelligence]

   Str:       It affects your strength (+2).
   Int:       It affects your intelligence (+6).
   SInv:      It lets you see invisible.
 I - a ring of poison resistance
 P - a +6 ring of intelligence
 R - a ring of resist corrosion
 U - a ring of protection from cold
Wands
 J - a wand of polymorph (4)
 Z - a wand of digging (4)
Scrolls
 c - 2 scrolls of immolation
 d - a scroll of vulnerability
 e - a scroll of torment
 f - 3 scrolls of magic mapping
 h - 9 scrolls of teleportation
 i - 2 scrolls of enchant weapon
 n - 4 scrolls of noise
 p - a scroll of brand weapon {unknown}
 u - 5 scrolls of poison
 v - 3 scrolls of fog {unknown}
 D - 4 scrolls of fear {unknown}
 E - a scroll of silence {unknown}
 G - a scroll of enchant armour
 Q - a scroll of blinking {unknown}
 X - a scroll of summoning {unknown}
Potions
 g - 4 potions of heal wounds
 j - 14 potions of curing
 k - 2 potions of haste
 l - 6 potions of flight
 o - 4 potions of might
 r - a potion of berserk rage {unknown}
 s - 7 potions of mutation
 t - 2 potions of invisibility {unknown}
 x - a potion of ambrosia {unknown}
 C - 4 potions of brilliance
 H - 2 potions of resistance {unknown}
 N - a potion of magic {unknown}
 T - 2 potions of cancellation {unknown}
 W - 2 potions of degeneration {unknown}
 Y - a potion of lignification
Miscellaneous
 O - a phantom mirror
 S - a phial of floods
 V - a lightning rod (4/4)


   Skills:
 + Level 10.7 Fighting
 * Level 20.7 Maces & Flails
 - Level 2.4 Dodging


You had 13 spell levels left.
You didn't know any spells.
Your spell library contained the following spells:

 Spells                   Type           Power      Damage    Failure   Level
 Apportation              Tloc           0%         N/A       41%         1
 Necrotize                Necr           0%         1d4       41%         1
 Shock                    Conj/Air       0%         1d3       41%         1
 Summon Small Mammal      Summ           0%         N/A       41%         1
 Sublimation of Blood     Necr           0%         N/A       56%         2
 Wereblood                Tmut           0%         N/A       56%         2
 Call Canine Familiar     Summ           0%         N/A       80%         3
 Summon Guardian Golem    Hex/Summ       0%         N/A       80%         3
 Vampiric Draining        Necr           0%         2d6       80%         3
 Airstrike                Air            0%         N/A       99%         4
 Anguish                  Hex/Necr       0%         N/A       99%         4
 Petrify                  Tmut/Erth      0%         N/A       99%         4
 Irradiate                Conj/Tmut      0%         3d13      100%        5
 Summon Hydra             Summ           0%         N/A       100%        7
 Necromutation            Tmut/Necr      0%         N/A       100%        8


Dungeon Overview and Level Annotations

Branches:
Dungeon (14/15)            Temple (0/1) D:7            Lair (6/6) D:9
 Shoals (0/4) Lair:3        Snake (0/4) Lair:4        Slime (0/5) Lair:5
    Orc (0/2) D:11         Vaults (0/5) D:13          IceCv (visited)
Volcano (visited)

Altars:
Cheibriados
Gozag
Nemelex Xobeh
Qazlal
Trog
Zin
The Shining One

Shops:
D:13 !

Annotations:
D:4 2 runed translucent doors
D:14 Snorg
Lair:4 Nessos


Innate Abilities, Weirdness & Mutations

You are too large for most types of armour.
You have claws for hands.
Your natural rate of healing is unusually fast.
You are covered in fur. (AC +1)
You have tough skin. (AC +1)


Message History

Aim: Nessos, wielding a +1 longbow of flaming and wearing a +2 barding of fire resistance (lightly wounded, 75% to hit)
You throw a large rock. The large rock hits Nessos!!
Nessos is heavily wounded.
You feel extremely sick.
Nessos shoots an arrow.
The arrow completely misses you.
Nessos mumbles some strange words.
Nessos seems to speed up.
Nessos mumbles some strange words.
Nessos blinks!
Throw: 10 large rocks
Press: ? - help, Q - select action, (/) - cycle Shift-Dir - straight line, f/p - Nessos
Aim: Nessos, wielding a +1 longbow of flaming and wearing a +2 barding of fire resistance (heavily wounded, fast, 75% to hit)
You throw a large rock. The large rock hits Nessos!
Nessos is severely wounded.
You feel extremely sick.
Nessos shoots an arrow.
The arrow hits you. The arrow burns you.
You are more poisoned.
Nessos shoots an arrow.
The arrow hits you! The arrow burns you.
You are more poisoned.
Nessos intently looks at you, slowly moving their tail.
Nessos shoots an arrow.
The arrow hits you! The arrow burns you.
You are more poisoned.
Nessos shoots an arrow.
The arrow hits you!! The arrow burns you.
* * * LOW HITPOINT WARNING * * *
Throw: 9 large rocks
Press: ? - help, Q - select action, (/) - cycle Shift-Dir - straight line, f/p - Nessos
Aim: Nessos, wielding a +1 longbow of flaming and wearing a +2 barding of fire resistance (heavily wounded, fast, 75% to hit)
You throw a large rock. The large rock closely misses Nessos.
* * * LOW HITPOINT WARNING * * *
You feel extremely sick.
Nessos stands on their hind legs for a moment.
Nessos shoots an arrow.
The arrow hits you.
* * * LOW HITPOINT WARNING * * *
The arrow burns you.
You are more poisoned.
* * * LOW HITPOINT WARNING * * *
Nessos shoots an arrow.
The arrow hits you!
* * * LOW HITPOINT WARNING * * *
The arrow burns you!
You die...

,>,,,,......##........#....#
,,,*,≈#....#####.....###...##
*,**,≈#.....*##########P....###
,,,,≈≈#....**#.:....# ###...#.#
≈,≈,,##...####......###*#....####
*,####...c.##P......#.#.#P...##..
,,.....?.....................÷.(.
,,...........................÷...
,,..............@................
,,.............................).
,,.........(.....................
,,#....####.#........##.....#....
**....#* #####.....###.#####....
,,....* #......###* #P... ,,,..**
#......# ##... *,,,,* #.>...P#
#P.. ,,,,** #......# ##..


You could see Nessos (fast).

Vanquished Creatures
  A frost giant (IceCv)
  A red draconian (Volcano)
  The ghost of raistware the Geomancer, a journeyman HuEE of Vehumet (D:10)
  A vault guard (D:13)
  3 hydras
  3 boulder beetles
  A two-headed ogre (D:13)
  A death knight (D:13)
  5 death yaks (IceCv)
  2 salamander mystics (Volcano)
  2 skeletal warriors (D:11)
  Pikel (D:8)
  2 deep elf pyromancers
  A manticore (D:12)
  2 salamanders (Volcano)
  2 cyclopes
  2 elephants (Lair:6)
  An ice statue (IceCv)
  6 gargoyles
  3 black mambas
  A molten gargoyle (Volcano)
  Joseph (D:8)
  12 cane toads
  3 rime drakes
  Psyche (D:12)
  2 efreet (Volcano)
  13 komodo dragons
  20 polar bears
  8 trolls
  A hornet (D:10)
  8 blink frogs (Lair:2)
  2 slime creatures
  6 dream sheep
  Sigmund (D:3)
  30 yaks
  2 wyverns
  Eustachio (D:6)
  A wraith (D:10)
  10 humans (D:13)
  2 steam dragons
  2 vampire mosquitoes (D:14)
  2 acid dragons (D:9)
  Edmund (D:6)
  12 water moccasins
  An ice beast (D:7)
  8 orc warriors
  6 black bears
  4 ogres
  33 wolves
  A phantom (D:4)
  3 lemures (D:8)
  7 centaurs
  3 kobold brigands
  13 bullfrogs
  2 gnoll sergeants (D:9)
  2 necrophages
  3 scorpions
  3 wights (D:10)
  15 killer bees
  4 howler monkeys
  An electric eel (Lair:2)
  6 hounds
  3 jellies
  Crazy Yiuf (D:4)
  A gnoll shaman (D:9)
  10 orc priests
  Jessica (D:2)
  6 iguanas
  4 orc wizards
  25 gnolls
  9 adders
  A shadow imp (D:6)
  2 ufetubi
  3 worms
  2 dart slugs
  38 orcs
  7 bats
  10 endoplasms
  4 giant cockroaches
  9 goblins
  11 hobgoblins
  9 jackals
  17 kobolds
  A quokka (D:2)
  10 ball pythons
  4 frilled lizards
  3 rats
489 creatures vanquished.

Vanquished Creatures (collateral kills)
  A boulder beetle (Lair:6)
  2 skeletal warriors (D:11)
  A manticore (D:11)
  A merfolk siren (Lair:3)
  An elephant (Lair:6)
  A torpor snail (Lair:6)
  A cane toad (Lair:6)
  A komodo dragon (Lair:6)
  3 merfolk (Lair:3)
  A dream sheep (Lair:6)
  4 blink frogs (Lair:6)
17 creatures vanquished.

Vanquished Creatures (others)
  A human (D:13)
  35 fungi
  35 plants
71 creatures vanquished.

Grand Total: 577 creatures vanquished

Notes
Turn   | Place    | Note
-------+----------+-------------------------------------------
     0 | D:1      | Johnny the Troll Berserker began the quest for the Orb.
     0 | D:1      | Reached XP level 1. HP: 22/22 MP: 0/0
    31 | D:1      | Reached skill level 3 in Maces & Flails
   149 | D:1      | Reached XP level 2. HP: 27/29 MP: 1/1
   292 | D:1      | Reached ** piety under Trog
   364 | D:1      | Reached XP level 3. HP: 34/36 MP: 2/2
   591 | D:2      | Noticed Jessica
   593 | D:2      | Killed Jessica
   684 | D:2      | Found a faded altar of an unknown god.
   880 | D:2      | Reached skill level 4 in Maces & Flails
   880 | D:2      | Reached XP level 4. HP: 45/45 MP: 3/3
  1174 | D:2      | Reached XP level 5. HP: 53/53 MP: 4/4
  1723 | D:3      | Reached *** piety under Trog
  1729 | D:3      | Noticed Sigmund
  1749 | D:3      | Killed Sigmund
  1750 | D:3      | Reached skill level 5 in Maces & Flails
  1750 | D:3      | Reached XP level 6. HP: 30/62 MP: 5/5
  2356 | D:4      | Reached skill level 6 in Maces & Flails
  2466 | D:4      | Reached XP level 7. HP: 65/70 MP: 6/6
  2681 | D:4      | Reached skill level 7 in Maces & Flails
  2981 | D:4      | Found a large runed translucent door.
  2982 | D:4      | Found a large runed translucent door.
  3091 | D:4      | Noticed a steam dragon
  3097 | D:4      | Found a large runed translucent door.
  3097 | D:4      | Found a large runed translucent door.
  3130 | D:4      | Reached skill level 8 in Maces & Flails
  3192 | D:4      | Killed a steam dragon
  3193 | D:4      | Reached XP level 8. HP: 68/78 MP: 7/7
  3201 | D:4      | Identified the ring "Hetinlani" {Str+2 Int+6 SInv}
  3409 | D:4      | Found a runed translucent door.
  3410 | D:4      | Noticed Crazy Yiuf
  3716 | D:4      | Paralysed by Crazy Yiuf for 5 turns
  3730 | D:4      | HP: 3/77 [Crazy Yiuf/+2 quarterstaff of chaos (3)]
  3731 | D:4      | Killed Crazy Yiuf
  3732 | D:4      | Reached skill level 9 in Maces & Flails
  3761 | D:4      | Identified the +1 mace of Tydwyete {vorpal, *Noise rN++
                  | Str+2}
  3824 | D:5      | Entered Level 5 of the Dungeon
  4447 | D:6      | Found a glowing golden altar of the Shining One.
  4465 | D:6      | Noticed Edmund
  4480 | D:6      | Killed Edmund
  4481 | D:6      | Reached skill level 10 in Maces & Flails
  4639 | D:6      | Noticed Eustachio
  4674 | D:6      | Killed Eustachio
  4769 | D:6      | Reached **** piety under Trog
  4783 | D:6      | Found a bloodstained altar of Trog.
  4792 | D:6      | Reached XP level 9. HP: 71/84 MP: 0/8
  5071 | D:6      | Reached skill level 11 in Maces & Flails
  5604 | D:7      | Found a staircase to the Ecumenical Temple.
  6106 | D:7      | Noticed a boulder beetle
  6190 | D:7      | Killed a boulder beetle
  6191 | D:7      | Reached skill level 12 in Maces & Flails
  6217 | D:8      | Noticed Joseph
  6281 | D:7      | Reached skill level 13 in Maces & Flails
  6281 | D:7      | Reached XP level 10. HP: 89/92 MP: 9/9
  6387 | D:8      | Killed Joseph
  6564 | D:9      | Found a glowing silver altar of Zin.
  6795 | D:9      | Identified a scroll of acquirement
  6796 | D:9      | Acquired an amulet of regeneration
  6869 | D:9      | Reached skill level 14 in Maces & Flails
  6976 | D:9      | Found a staircase to the Lair.
  6995 | D:9      | Noticed a cyclops
  7011 | D:9      | Killed a cyclops
  7174 | D:9      | Reached skill level 15 in Maces & Flails
  7336 | D:9      | You fall into a shaft and drop 1 floor!
  7336 | D:10     | Entered Level 10 of the Dungeon
  7388 | D:10     | Reached XP level 11. HP: 71/100 MP: 10/10
  7795 | D:8      | Found a sparkling altar of Nemelex Xobeh.
  7807 | D:8      | Identified the +2 robe "Uhiypn" {rC+}
  7983 | D:8      | Noticed Pikel
  8000 | D:8      | Killed Pikel
  8105 | D:8      | Reached ***** piety under Trog
  8391 | D:10     | Noticed a deep elf pyromancer
  8403 | D:10     | Killed a deep elf pyromancer
  8443 | D:10     | Found a runed translucent door.
  8443 | D:10     | Noticed raistware's ghost (journeyman HuEE)
  8478 | D:10     | Killed raistware's ghost
  8479 | D:10     | Reached skill level 5 in Fighting
  8495 | D:10     | Found an opulent altar of Gozag.
  8696 | D:10     | Found a snail-covered altar of Cheibriados.
  8981 | D:11     | Identified the +2 helmet of the Mantidfly {Str+3 Int+3}
  8988 | D:11     | Reached skill level 16 in Maces & Flails
  9006 | D:11     | Found a stormy altar of Qazlal.
  9216 | D:11     | Noticed a skeletal warrior
  9218 | D:11     | Noticed a skeletal warrior
  9218 | D:11     | Noticed a skeletal warrior
  9236 | D:11     | Killed a skeletal warrior
  9238 | D:11     | Killed a skeletal warrior
  9292 | D:11     | Found a staircase to the Orcish Mines.
  9342 | D:11     | Found a frozen archway.
  9367 | IceCv    | Entered an ice cave
  9527 | IceCv    | Noticed a death yak
  9527 | IceCv    | Noticed a death yak
  9536 | IceCv    | Killed a death yak
  9537 | IceCv    | Reached XP level 12. HP: 114/114 MP: 11/11
  9543 | IceCv    | Killed a death yak
  9604 | IceCv    | Reached skill level 17 in Maces & Flails
  9782 | IceCv    | Noticed a death yak
  9806 | IceCv    | Killed a death yak
  9882 | IceCv    | Noticed a death yak
  9882 | IceCv    | Noticed a frost giant
  9913 | IceCv    | Killed a frost giant
  9914 | IceCv    | Noticed a death yak
  9925 | IceCv    | Killed a death yak
  9931 | IceCv    | Killed a death yak
  9932 | IceCv    | Reached skill level 18 in Maces & Flails
 10652 | D:11     | Noticed a six-headed hydra
 10662 | D:11     | Killed a six-headed hydra
 11062 | D:12     | Reached XP level 13. HP: 127/127 MP: 12/12
 11168 | D:12     | Noticed Psyche
 11179 | D:12     | Killed Psyche
 11819 | D:13     | Found Hebolomm's Distillery.
 11832 | D:13     | Bought a potion of lignification for 36 gold pieces
 11832 | D:13     | Bought a potion of mutation for 96 gold pieces
 11832 | D:13     | Bought a potion of mutation for 96 gold pieces
 11832 | D:13     | Bought 2 potions of curing for 72 gold pieces
 11832 | D:13     | Bought a potion of curing for 36 gold pieces
 11832 | D:13     | Bought a potion of curing for 36 gold pieces
 11832 | D:13     | Bought a potion of curing for 36 gold pieces
 12669 | D:13     | Found a gate to the Vaults.
 12698 | D:14     | Noticed Snorg
 12706 | D:14     | Reached skill level 19 in Maces & Flails
 12861 | Lair:1   | Entered Level 1 of the Lair of Beasts
 13312 | Lair:1   | Identified the +0 leather armour of Zussoos {Int+4 Dex+4}
 13657 | Lair:2   | Got the Volume of Unholy Rites and Feathers
 14570 | Lair:3   | Found a staircase to the Shoals.
 14637 | Lair:3   | You fall into a shaft and drop 3 floors!
 14637 | Lair:6   | Entered Level 6 of the Lair of Beasts
 14657 | Lair:6   | Reached XP level 14. HP: 141/141 MP: 13/13
 14740 | Lair:6   | Reached skill level 10 in Fighting
 14754 | Lair:6   | Reached skill level 20 in Maces & Flails
 15028 | Lair:5   | Found a staircase to the Slime Pits.
 15552 | Lair:4   | Found a dark tunnel.
 15563 | Volcano  | Entered a volcano
 15636 | Volcano  | Noticed an orb of fire
 15752 | Volcano  | Noticed an orb of fire
 16154 | Lair:4   | Noticed Nessos
 16186 | Lair:4   | HP: 7/144 [Nessos/arrow (17)]
 16186 | Lair:4   | Shot with an arrow by Nessos

Illustrated notes

Levels and vault maps discovered:
D:1:      dpeg_arrival_arbitrary_c, layout_basic, st_stairs_14,
          chequers_serial_rivers_micro_c
D:2:      layout_basic, dreamdust_ecumenical_altar_statues,
          minmay_goblin_kobold_house, uniq_jessica
D:3:      layout_loops_ring, uniq_sigmund
D:4:      layout_basic, minmay_hollow_rounded_squares, uniq_crazy_yiuf_cottage
D:5:      layout_gridville
D:6:      layout_basic, trog_antimagical, mainiacjoe_overflow_tiny_flanked,
          uniq_edmund, uniq_eustachio
D:7:      layout_basic, minmay_temple_entry_stoned_glass
D:8:      layout_rooms, nemelex_xobeh_ov_fountains_minmay, columned_hall_lemuel,
          minmay_misc_feat_doors, uniq_pikel, uniq_joseph
D:9:      kennysheep_six_static_rooms, layout_basic, zin_treasury,
          due_lair_maze_entry_diamond
D:10:     layout_small_grid, kennysheep_slug_shrine, grunt_gozag_statues,
          gammafunk_ghost_grave
D:11:     layout_layer_cave, orc_david_3, portal_ice_cave_entry_pillars_1,
          grunt_qazlal_clouds
D:12:     layout_loops_ring, uniq_psyche
D:13:     layout_stronghold, ximxim_vaults_locker_room, serial_shops,
          nicolae_shop_statue_plus, chequers_arboretum, minivault_5,
          minmay_door_square, serial_park_tiny_1
D:14:     layout_big_octagon, uniq_snorg
Lair:1:   layout_hall_layers, nicolae_quartered_pool_little,
          chequers_serial_rivers_room_a, cheibrodos_lair_lostbears,
          lemuel_fruit_tree, grunt_megastairs_1
Lair:2:   beast_lair_carwin_large_3, layout_small_grid, serial_bayou_shore_b,
          serial_bayou_shore_a, grunt_megastairs_3
Lair:3:   wad_woods_structure_01, layout_cave_pods, elwin_shoals_entry_stream,
          serial_forest, infiniplex_forest_end_1, infiniplex_forest_lined_1,
          infiniplex_forest_straight_1, infiniplex_forest_clump_small,
          infiniplex_forest_straight_4, infiniplex_forest_lined_3_way,
          infiniplex_forest_clump_curved, infiniplex_forest_straight_2,
          nicolae_lair_run_with_the_wolves
Lair:4:   layout_hall_layers, guppyfry_snake_entry_garden,
          lightli_volcano_entry_magma_tube, uniq_nessos
Lair:5:   layout_regular_city, nicolae_slime_entry_slimehenge,
          beast_lair_carwin_2
Lair:6:   evil_forest, layout_long_grid, gammafunk_ghost_arena

Skill      XL: |  1  2  3  4  5  6  7  8  9 10 11 12 13 14 |
---------------+-------------------------------------------+-----
Maces & Flails | 3 4 5 6 8 10 13 15 16 18 19 20 | 20.7
Fighting       | 3 4 6 8 9 10 | 10.7
Dodging        | |  2.4

Action                   |  1- 3 |  4- 6 |  7- 9 | 10-12 | 13-15 || total
-------------------------+-------+-------+-------+-------+-------++-------
Melee: Mace              |   109 |   147 |   168 |       |       ||   424
       Punch             |       |     2 |     2 |       |       ||     4
       Flail             |       |       |    37 |       |       ||    37
       Dire flail        |       |       |   187 |   694 |   588 ||  1469
Throw: Throwing net      |       |       |     2 |       |       ||     2
       Large rock        |       |       |       |       |     6 ||     6
Invok: Berserk           |     2 |     4 |     8 |    16 |     9 ||    39
       Trog's Hand       |       |     2 |     2 |     8 |     8 ||    20
       Brothers in Arms  |       |       |       |     1 |     4 ||     5
Evoke: Wand              |       |       |       |       |     4 ||     4
  Use: Scroll            |       |       |       |    14 |     8 ||    22
       Potion            |       |       |       |       |     1 ||     1
 Stab: Held in net/web   |       |       |     1 |       |       ||     1
       Sleeping          |       |       |     4 |     4 |     3 ||    11
       Distracted        |       |       |     1 |       |     1 ||     2
Armor: Animal skin       |    51 |    38 |    30 |       |       ||   119
       Steam dragon scal |       |       |   135 |   119 |       ||   254
       Troll leather arm |       |       |       |   158 |   266 ||   424
       Acid dragon scale |       |       |       |    82 |       ||    82
Dodge: Dodged            |    90 |    78 |   194 |   432 |   281 ||  1075

Table legend: (Time is in decaauts)
 A = Elapsed time spent in this place.
 B = Non-inter-level travel time spent in this place.
 C = Inter-level travel time spent in this place.
 D = Time resting spent in this place.
 E = Time spent auto-exploring this place.
 F = Levels seen in this place.
 G = Mean time per level.
                   A        B        C        D        E       F      G
               +--------+--------+--------+--------+--------+-----+--------+
         Total |  16088 |  15531 |    557 |   1055 |  10685 |  22 |  731.3 |
       Dungeon |  12018 |  11530 |    488 |    770 |   8323 |  14 |  858.4 |
          Lair |   2843 |   2774 |     69 |    100 |   2025 |   6 |  473.8 |
      Ice Cave |    818 |    818 |      0 |     76 |    282 |   1 |  818.0 |
       Volcano |    409 |    409 |      0 |    108 |     54 |   1 |  409.0 |
               +--------+--------+--------+--------+--------+-----+--------+

Top non-repeatable levels by time:
     D:4: 1607 daAuts
     D:9: 1234 daAuts
    D:11: 1218 daAuts
     D:2: 1062 daAuts
    D:13: 1020 daAuts
  Lair:2: 971 daAuts
     D:7: 945 daAuts
     D:6: 942 daAuts
   IceCv: 818 daAuts
    D:10: 701 daAuts
     D:8: 687 daAuts
  Lair:5: 683 daAuts
     D:3: 677 daAuts
    D:12: 672 daAuts
  Lair:1: 641 daAuts
